 Dungeon Crawl Stone Soup version 0.27.0-1-g7a089689b8 (webtiles) character file.

Game seed: 15849085013632436393

2 tovald2 the Conjurer (level 1, -2/11 HPs)
             Began as an Octopode Conjurer on Aug 16, 2021.
             Slain by a jackal (3 damage)
             ... on level 1 of the Dungeon.
             The game lasted 00:00:56 (120 turns).

tovald2 the Conjurer (Octopode Conjurer)             Turns: 120, Time: 00:00:57

Health: -2/11      AC:  1    Str:  6    XL:     1   Next: 30%
Magic:  3/3        EV: 13    Int: 20    God:
Gold:   14         SH:  0    Dex: 10    Spells: 3/4 levels left

rFire    . . .     SeeInvis .   a - +0 war axe
rCold    . . .     Faith    .   (no shield)
rNeg     . . .     Spirit   .   (helmet restricted)
rPois    .         Reflect  .   (no amulet)
rElec    .         Harm     .   (no ring)
rCorr    .         Rampage  .   (no ring)
Will     .....                  (no ring)
Stlth    +++.......             (no ring)
HPRegen  0.03/turn              (no ring)
MPRegen  0.08/turn              (no ring)
                                (no ring)
                                (no ring)

@: no status effects
A: almost no armour, amphibious, 8 rings, camouflage 1, gelatinous body 1,
(nimble swimmer 1), tentacles
a: no special abilities


You were on level 1 of the Dungeon.
You visited 1 branch of the dungeon, and saw 1 of its levels.

You collected 14 gold pieces.

Inventory:

Hand Weapons
 a - a +0 war axe (weapon)
Scrolls
 c - a scroll of fear {unknown}
Potions
 b - a potion of degeneration {unknown}


   Skills:
 + Level 2.0 Dodging
 + Level 2.7 Stealth
 + Level 2.0 Spellcasting
 + Level 4.1 Conjurations


You had 3 spell levels left.
You knew the following spells:

 Your Spells              Type           Power      Damage    Failure   Level
a - Magic Dart            Conj           72%        1d6       3%          1

Your spell library contained the following spells:

 Spells                   Type           Power      Damage    Failure   Level
 Searing Ray              Conj           36%        3d4       4%          2
 Dazzling Flash           Conj/Hex       20%        N/A       21%         3
 Fulminant Prism          Conj/Hex       5%         3d7       56%         4
 Iskenderun's Mystic Bla  Conj/Tloc      10%        2d4       56%         4


Dungeon Overview and Level Annotations

Branches:
Dungeon (1/15)

Altars:


Innate Abilities, Weirdness & Mutations

You cannot wear most types of armour.
You are amphibious.
You can wear up to eight rings at the same time.
Your skin changes colour to match your surroundings (Stealth+).
Your rubbery body absorbs attacks. (AC +1, EV +1)
((You are camouflaged near water. (Stealth+)))
You have tentacles for arms and can constrict up to eight enemies at once.


Message History

There is an open door here.
You now have 14 gold pieces.
You see here a +0 leather armour.
You open the door.
There is an open door here.
A bat comes into view.
Found a scroll labelled URPHITY HUTA.
The bat barely misses you.
You closely miss the bat. You grab the bat. You constrict the bat.
The bat hits you but does no damage. The bat closely misses you. x2
The bat struggles to escape constriction.
The bat closely misses you.
You hit the bat.
You kill the bat!
b - a fuming inky potion
c - a scroll labelled URPHITY HUTA
There is an open door here.
You see here a +0 leather armour.
There is an open door here.
A ball python comes into view.
The ball python hisses angrily.
The ball python bites you. The ball python barely misses you.
You closely miss the ball python. You grab the ball python.
You squeeze the ball python.
You kill the ball python!
You open the door.
A jackal comes into view.
A jackal comes into view.
The jackal barks! x2
There is an open door here.
The jackal bites you. The jackal misses you. The jackal bites you.
There is an open door here.
You hit the jackal. You grab the jackal.
The jackal is lightly wounded.
You constrict the jackal, but do no damage.
The jackal bites you. x2
* * * LOW HITPOINT WARNING * * *
The jackal bites you.
You die...

#......#
#......#
#......#
#......#
..
#......#
..#......#
#.#.h....#
#..#h#####
##.#@#
#.#.#
#...#
##..# #..#
##.## #..#
#..# ##.##


You could see 2 jackals.

Vanquished Creatures
  A ball python (D:1)
  A bat (D:1)
2 creatures vanquished.

Notes
Turn   | Place    | Note
-------+----------+-------------------------------------------
     0 | D:1      | tovald2 the Octopode Conjurer began the quest for the Orb.
     0 | D:1      | Reached XP level 1. HP: 11/11 MP: 3/3
   120 | D:1      | Slain by a jackal

Illustrated notes

Levels and vault maps discovered:
D:1:      amcnicky_arrival_underground_garden, layout_basic

Action                   || total
-------------------------++-------
Melee: War axe           ||     4
       Constrict         ||     3
       Tentacles         ||     1
Armor: Skin              ||     1
Dodge: Dodged            ||     6
